 Dungeon Crawl Stone Soup version 0.24-a0-537-g2d01d4ab0a (webtiles) character file.

Game seed: 6318927450119439519

8785 MangoEater the Geomancer (level 11, -1/62 HPs)
             Began as a Gargoyle Earth Elementalist on Aug 15, 2019.
             Was a Priest of Vehumet.
             Slain by a manticore (7 damage)
             ... on level 10 of the Dungeon.
             The game lasted 00:32:20 (10394 turns).

MangoEater the Geomancer (GrEE)                    Turns: 10394, Time: 00:32:21

Health: -1/62      AC: 14    Str: 18    XL:     11   Next: 36%
Magic:  1/23       EV: 13    Int: 18    God:    Vehumet [***...]
Gold:   568        SH:  0    Dex: 10    Spells: 17/26 levels left

rFire    . . .     SeeInvis .   F - +1 scimitar (flame)
rCold    . . .     Gourm    .   (no shield)
rNeg     + . .     Faith    .   c - +0 robe
rPois    ∞         Spirit   .   o - +0 helmet
rElec    +         Reflect  .   A - +0 cloak {rPois}
rCorr    .         Harm     .   (no gloves)
MR       +....                  q - +0 pair of boots
Stlth    ++........             (no amulet)
HPRegen  0.20/turn              a - ring of protection from magic
MPRegen  0.18/turn              (no ring)

@: mighty, hasted, very quick
A: negative energy resistance 1, electricity resistance, unbreathing,
petrification resistance, rot immunity, AC +8
a: Renounce Religion


You were on level 10 of the Dungeon.
You worshipped Vehumet.
Vehumet was most pleased with you.
You were not hungry.

You visited 2 branches of the dungeon, and saw 11 of its levels.
You also visited: Sewer.

You collected 568 gold pieces.

Inventory:

Hand Weapons
 r - a +0 flail
 v - a +1 mace
 F - a +1 scimitar of flaming (weapon)
Missiles
 b - 51 stones (quivered)
 e - 2 throwing nets
Armour
 c - a +0 robe (worn)
 o - a +0 helmet (worn)
 q - a +0 pair of boots (worn)
 A - a +0 cloak of poison resistance (worn)
Jewellery
 a - a ring of protection from magic (left hand)
 y - an uncursed ring of fire
Wands
 f - a wand of flame (28)
 i - a wand of paralysis (11)
 p - a wand of clouds (3)
 s - a wand of enslavement (10)
 u - a wand of polymorph (3)
 E - a wand of digging (5)
Scrolls
 h - 4 scrolls of identify
 j - a scroll of immolation
 k - 3 scrolls of blinking
 n - 3 scrolls of fear
 z - a scroll of teleportation
 B - a scroll of amnesia
 D - a scroll of fog
 H - a scroll of remove curse
Potions
 g - 3 potions of brilliance
 l - a potion of agility
 m - a potion of might
 t - a potion of curing
 w - 3 potions of haste
 x - 2 potions of flight
 C - a potion of ambrosia
Comestibles
 d - 17 rations
 G - 4 chunks of flesh


   Skills:
 + Level 4.4 Fighting
 + Level 3.9 Maces & Flails
 + Level 4.5 Armour
 + Level 3.8 Dodging
 - Level 2.1 Stealth
 + Level 8.0 Spellcasting
 + Level 8.9 Conjurations
   Level 0.7 Transmutations
 + Level 10.7 Earth Magic
 + Level 3.8 Evocations


You had 17 spell levels left.
You knew the following spells:

 Your Spells              Type           Power        Failure   Level  Hunger
a - Sandblast             Erth           #####.       1%          1    None
b - Stone Arrow           Conj/Erth      #####.       1%          3    #......
c - Lee's Rapid Deconstr  Erth           #####.....   1%          5    #####..

Your spell library contained the following spells:

 Spells                   Type           Power        Failure   Level  Hunger
 Static Discharge         Conj/Air       ###.....     1%          3    #......
 Passwall                 Tmut/Erth      ####....     1%          2    None
 Petrify                  Tmut/Erth      ####....     9%          4    ###....


Dungeon Overview and Level Annotations

Branches:
Dungeon (10/15)            Temple (1/1) D:4            Lair (0/6) D:8
    Orc: D:9-12

Altars:
Ashenzari
Cheibriados
Dithmenos
Elyvilon
Fedhas
Gozag
Hepliaklqana
Kikubaaqudgha
Makhleb
Nemelex Xobeh
Okawaru
Qazlal
Ru
Sif Muna
Trog
Uskayaw
Vehumet
Wu Jian
Xom
Yredelemnul
Zin
The Shining One


Innate Abilities, Weirdness & Mutations

You are resistant to torment.
Your stone body is resilient. (AC +8)
You are immune to poison.
You resist negative energy. (rN+)
You are resistant to electric shocks. (rElec)
You can survive without breathing.
You are immune to petrification.
You are immune to rotting.


Message History

The blast of sand hits the manticore!!
The manticore is severely wounded.
b - 51 stones The manticore bites you!
The manticore claws you but does no damage.
The manticore barely misses you.
You feel yourself speed up. The manticore bites you!
* * * LOW HITPOINT WARNING * * *
The manticore claws you but does no damage.
The manticore claws you.
* * * LOW HITPOINT WARNING * * *
You feel very mighty all of a sudden.
The manticore bites you but does no damage.
The manticore claws you.
* * * LOW HITPOINT WARNING * * *
The manticore completely misses you.
You hit the manticore. You burn the manticore.
The manticore is severely wounded.
The manticore bites you!
You die...

##.#.#.#####.# #.#
..... #.# #.# #
#.#.#######.###.# #.
#.#.............#
#..##...÷.......#####
# ##........#####.##
..........### #.#
##.[####.#######.#
#....H@..........#
##.#####.#######.#
#.# #.# ..# #.# ..#
..# ...# .#


You could see a manticore.

Vanquished Creatures
  Harold (D:8)
  Erica (D:9)
  A two-headed ogre (D:8)
  Maurice (D:8)
  2 trolls
  A hippogriff (D:8)
  2 hungry ghosts
  Grum (D:9)
  Duvessa (D:5)
  A water moccasin (D:9)
  2 porcupines (D:8)
  An orc warrior (D:7)
  4 ice beasts
  4 black bears
  2 necrophages
  3 wolves (D:9)
  2 phantoms
  3 sky beasts
  2 ogres
  3 centaurs
  2 crocodiles
  Blork the orc (D:5)
  6 bullfrogs
  A big kobold (D:8)
  A wyvern zombie (D:7)
  Dowan (D:5)
  4 scorpions
  13 killer bees
  A howler monkey (D:6)
  3 crimson imps
  A quasit (D:9)
  3 jellies
  2 hounds
  8 orc wizards
  5 orc priests
  4 iguanas
  8 worker ants
  A killer bee zombie (D:6)
  A hound zombie (D:5)
  A hound skeleton (D:5)
  A gnoll (D:8)
  14 adders
  2 shadow imps (D:8)
  An ooze (D:2)
  2 adder zombies
  2 worms
  An adder skeleton (D:7)
  4 leopard geckos
  26 orcs
  4 ball pythons
  7 giant cockroaches
  10 goblins
  5 hobgoblins
  12 jackals
  8 kobolds
  2 quokkas
  10 bats
  2 frilled lizards
  2 leopard gecko zombies
  8 rats
  A butterfly (D:4)
229 creatures vanquished.

Vanquished Creatures (collateral kills)
  A killer bee (D:8)
1 creature vanquished.

Vanquished Creatures (others)
  A killer bee (D:8)
  5 fungi (D:8)
  A plant (D:8)
7 creatures vanquished.

Grand Total: 237 creatures vanquished

Notes
Turn   | Place    | Note
-------+----------+-------------------------------------------
     0 | D:1      | MangoEater the Gargoyle Earth Elementalist began the quest
                  | for the Orb.
     0 | D:1      | Reached XP level 1. HP: 10/10 MP: 3/3
    99 | D:1      | Reached XP level 2. HP: 14/15 MP: 1/5
   100 | D:1      | Reached skill level 4 in Earth Magic
   499 | D:1      | Reached XP level 3. HP: 19/19 MP: 3/6
   516 | D:1      | Learned a level 3 spell: Stone Arrow
   918 | D:2      | Reached skill level 1 in Conjurations
  1003 | D:2      | Reached XP level 4. HP: 13/24 MP: 5/8
  1236 | D:2      | Found a hide-covered altar of Uskayaw.
  2257 | D:3      | Reached skill level 5 in Earth Magic
  2304 | D:3      | Reached XP level 5. HP: 17/28 MP: 9/9
  2311 | D:3      | Learned a level 5 spell: Lee's Rapid Deconstruction
  2342 | D:3      | Found a glowing silver altar of Zin.
  2853 | D:4      | Found a staircase to the Ecumenical Temple.
  2860 | Temple   | Entered the Ecumenical Temple
  3389 | D:4      | Reached XP level 6. HP: 28/32 MP: 2/11
  3651 | D:4      | Reached skill level 6 in Earth Magic
  3946 | D:4      | Found an ornate altar of the Wu Jian Council.
  3956 | D:4      | Found a stormy altar of Qazlal.
  3961 | D:4      | Found a burning altar of Makhleb.
  3972 | D:4      | Found an opulent altar of Gozag.
  3979 | D:4      | Found a shadowy altar of Dithmenos.
  3984 | D:4      | Found a shimmering blue altar of Sif Muna.
  3991 | D:4      | Found a radiant altar of Vehumet.
  3996 | D:4      | Became a worshipper of Vehumet
  4134 | D:5      | Entered Level 5 of the Dungeon
  4199 | D:5      | Reached XP level 7. HP: 11/36 MP: 8/13
  4438 | D:5      | Noticed Dowan
  4454 | D:5      | Noticed Duvessa
  4478 | D:5      | Killed Duvessa
  4493 | D:5      | Killed Dowan
  4807 | D:5      | Noticed Blork the orc
  4812 | D:5      | Killed Blork the orc
  4812 | D:5      | Reached skill level 5 in Spellcasting
  4812 | D:5      | Reached skill level 7 in Earth Magic
  4849 | D:5      | Reached skill level 5 in Conjurations
  4849 | D:5      | Reached XP level 8. HP: 38/41 MP: 13/15
  5095 | D:5      | Reached * piety under Vehumet
  5095 | D:5      | Offered knowledge of Shock by Vehumet.
  5481 | D:6      | Reached skill level 8 in Earth Magic
  5485 | D:6      | Found a shattered altar of Ashenzari.
  5589 | D:6      | Found a glowing drain.
  5603 | Sewer    | Entered a sewer
  5936 | D:6      | Reached XP level 9. HP: 42/45 MP: 13/18
  5983 | D:6      | Reached ** piety under Vehumet
  5983 | D:6      | Offered knowledge of Freeze by Vehumet.
  6374 | D:7      | Reached skill level 9 in Earth Magic
  7304 | D:7      | Reached skill level 1 in Armour
  7322 | D:7      | Reached skill level 1 in Fighting
  7322 | D:7      | Reached skill level 1 in Evocations
  7405 | D:7      | Found a white marble altar of Elyvilon.
  7458 | D:7      | Reached skill level 1 in Maces & Flails
  7848 | D:7      | Found a sacrificial altar of Ru.
  8143 | D:8      | Noticed Harold
  8152 | D:8      | Noticed a troll
  8153 | D:8      | Reached XP level 10. HP: 53/53 MP: 14/20
  8183 | D:8      | Killed Harold
  8183 | D:8      | Reached skill level 10 in Earth Magic
  8354 | D:8      | Noticed a two-headed ogre
  8362 | D:8      | Killed a two-headed ogre
  8508 | D:8      | Found a staircase to the Lair.
  8600 | D:8      | Noticed Maurice
  8604 | D:8      | Killed Maurice
  8974 | D:8      | Reached XP level 11. HP: 55/60 MP: 22/22
  9644 | D:9      | Offered knowledge of Static Discharge by Vehumet.
  9785 | D:9      | Noticed Grum
  9788 | D:9      | Killed Grum
 10158 | D:9      | Noticed Erica
 10164 | D:9      | Killed Erica
 10291 | D:10     | Entered Level 10 of the Dungeon
 10304 | D:10     | Reached *** piety under Vehumet
 10383 | D:10     | Noticed a manticore
 10394 | D:10     | Slain by a manticore

Levels and vault maps discovered:
D:1:      minmay_arrival_pointy, layout_basic
D:2:      layout_loops_ring, lemuel_coloured_pillars_altar, first_ration
D:3:      layout_rooms, lemuel_crystal_altar
D:4:      layout_loops_ring, grunt_temple_overflow_octagram,
          minmay_temple_entry_butterflies
D:5:      layout_cave_pools, minmay_misc_feat_more_columns, eino_tiny_chamber,
          uniq_duvessa, uniq_blork_the_orc
D:6:      layout_basic, nicolae_overflow_crystal_walls, portal_sewer_entry_b
D:7:      layout_cave_pods, nicolae_ru_the_path_less_chosen, elyvilon_altar_5
D:8:      layout_basic, due_lair_maze_entry_diamond, blue_anna_alchemist
          [blue_anna_fruit_fields, blue_anna_fruit_fields], uniq_harold,
          uniq_maurice
D:9:      layout_basic, uniq_erica, uniq_grum
D:10:     layout_loops_ring, basic_altar, kennysheep_generic_room_8
Temple:   minmay_temple_curvy_loop

Skill      XL: |  1  2  3  4  5  6  7  8  9 10 11 |
---------------+----------------------------------+-----
Earth Magic    | 4 5 6 7 8 9 10 | 10.7
Conjurations   | 1 2 4 5 6 7 8 |  8.9
Spellcasting   | 3 4 5 6 7 8 |  8.0
Armour         | 1 3 4 |  4.5
Fighting       | 1 3 4 |  4.4
Evocations     | 1 3 |  3.8
Maces & Flails | 1 3 |  3.9
Dodging        | 2 3 |  3.8
Stealth        | |  2.1
Transmutations | |  0.7

Action                   |  1- 3 |  4- 6 |  7- 9 | 10-12 || total
-------------------------+-------+-------+-------+-------++-------
Melee: Unarmed           |     7 |       |       |       ||     7
       Short sword       |    67 |    39 |       |       ||   106
       Mace              |       |    79 |   133 |   172 ||   384
       Scimitar          |       |       |       |    10 ||    10
 Cast: Sandblast         |    19 |    77 |   144 |    46 ||   286
       Stone Arrow       |     1 |     2 |     9 |    24 ||    36
       Lee's Rapid Decon |       |       |    11 |    15 ||    26
Evoke: Wand              |       |       |     2 |     5 ||     7
  Use: Scroll            |       |    11 |     5 |     3 ||    19
       Potion            |       |     4 |     3 |     4 ||    11
 Stab: Sleeping          |       |     1 |     3 |     1 ||     5
       Paralysed         |       |       |    16 |       ||    16
  Eat: Chunk             |     1 |     7 |    13 |     9 ||    30
       Ration            |       |     1 |     1 |     1 ||     3
Armor: Robe              |    28 |    74 |    97 |   100 ||   299
       Skin              |       |       |       |    30 ||    30
Dodge: Dodged            |    64 |   137 |   133 |   174 ||   508
       Rpst.: Scimitar   |       |       |       |     6 ||     6

Table legend:
 A = Non-vault XP
 B = Vault XP
 C = Vault XP percentage of total XP
 D = Non-vault monster count
 E = Vault monster count
 F = Vault count percentage of total count
                 A         B        C        D         E       F
            +---------+---------+-------+---------+---------+-------
      Total |    7950 |    4601 |  36.7 |     197 |      33 |  14.3
            +---------+---------+-------+---------+---------+-------
        D:1 |      39 |       0 |   0.0 |      22 |       0 |   0.0
        D:2 |      83 |       0 |   0.0 |      21 |       0 |   0.0
        D:3 |      67 |       0 |   0.0 |      25 |       0 |   0.0
        D:4 |     351 |       0 |   0.0 |       9 |       0 |   0.0
        D:5 |     591 |     325 |  35.5 |      22 |       3 |  12.0
        D:6 |    1141 |      18 |   1.6 |      26 |       5 |  16.1
        D:7 |    1670 |       0 |   0.0 |      27 |       0 |   0.0
        D:8 |    2480 |    2665 |  51.8 |      23 |      14 |  37.8
        D:9 |     688 |    1478 |  68.2 |      14 |       5 |  26.3
       D:10 |     840 |       0 |   0.0 |       8 |       0 |   0.0
      Sewer |       0 |     115 | 100.0 |       0 |       6 | 100.0
            +---------+---------+-------+---------+---------+-------
